% Time on Ice - PORTLAND PIRATES
Lines # - Real PCT - Wanted PCT - Time Play
Normal Forward
1 - 31% - 33% - 14:47
2 - 32% - 32% - 15:24
3 - 28% - 28% - 13:32
4 - 9% - 7% - 4:23
Normal Defense
1 - 32% - 33% - 15:35
2 - 35% - 33% - 16:36
3 - 29% - 28% - 13:44
4 - 5% - 6% - 2:11
PP Forward
1 - 55% - 60% - 1:06
2 - 45% - 40% - 0:53
PP Defense
1 - 55% - 60% - 1:06
2 - 45% - 40% - 0:53
PK Forward
1 - 71% - 60% - 7:02
2 - 29% - 40% - 2:53
PK Defense
1 - 50% - 60% - 4:59
2 - 50% - 40% - 4:56
PK3 Forward
1 - 0% - 60%
2 - 0% - 40%
PK3 Defense
1 - 0% - 60%
2 - 0% - 40%
44 Forward
1 - 0% - 60%
2 - 0% - 40%
44 Defense
1 - 0% - 60%
2 - 0% - 40%
Last Minute Offensive  - 0:00
Last Minute Defensive  - 0:00
Total
Forward - 60:00
Defense - 60:00
% Time on Ice - RENO LIONS
Lines # - Real PCT - Wanted PCT - Time Play
Normal Forward
1 - 36% - 36% - 17:08
2 - 33% - 31% - 15:45
3 - 23% - 23% - 10:59
4 - 9% - 10% - 4:14
Normal Defense
1 - 33% - 36% - 15:42
2 - 32% - 31% - 15:35
3 - 30% - 23% - 14:12
4 - 5% - 10% - 2:37
PP Forward
1 - 53% - 55% - 5:17
2 - 47% - 45% - 4:38
PP Defense
1 - 54% - 55% - 5:24
2 - 46% - 45% - 4:31
PK Forward
1 - 71% - 55% - 1:24
2 - 29% - 45% - 0:35
PK Defense
1 - 64% - 55% - 1:16
2 - 36% - 45% - 0:43
PK3 Forward
1 - 0% - 55%
2 - 0% - 45%
PK3 Defense
1 - 0% - 55%
2 - 0% - 45%
44 Forward
1 - 0% - 55%
2 - 0% - 45%
44 Defense
1 - 0% - 55%
2 - 0% - 45%
Last Minute Offensive  - 0:00
Last Minute Defensive  - 0:00
Total
Forward - 60:00
Defense - 60:00
Play-by-Play 1st period 0:01 of 1st period - Gabriel Landeskog wins face-off versus Elias Pettersson in neutral zone. 0:30 of 1st period - Shot by Travis Konecny. 0:30 of 1st period - Shot Misses the Net. 0:38 of 1st period - Shot by Gabriel Landeskog. 0:38 of 1st period - Shot Misses the Net. 0:40 of 1st period - Shot by Jonathan Toews. 0:40 of 1st period - Stopped by Jaroslav Halak without a rebound. 0:41 of 1st period - William Karlsson wins face-off versus Rickard Rakell in RENO LIONS zone. 0:50 of 1st period - Alec Martinez is hit by Cam Atkinson and loses puck. 1:47 of 1st period - Shot by Leo Komarov. 1:47 of 1st period - Shot Misses the Net. 1:57 of 1st period - Shot by Leo Komarov. 1:57 of 1st period - Stopped by Chris Driedger without a rebound. 1:58 of 1st period - Tomas Nosek wins face-off versus Yanni Gourde in PORTLAND PIRATES zone. 1:58 of 1st period - Oscar Klefbom is hit by Brian Dumoulin and loses puck. 2:21 of 1st period - Shot by Brett Connolly. 2:21 of 1st period - Stopped by Jaroslav Halak without a rebound. 2:22 of 1st period - Jason Dickinson wins face-off versus Elias Pettersson in RENO LIONS zone. 2:22 of 1st period - Jason Dickinson is hit by Jordie Benn. 2:48 of 1st period - Shot by Jason Dickinson. 2:48 of 1st period - Stopped by Jaroslav Halak without a rebound. 2:49 of 1st period - Leo Komarov wins face-off versus Yanni Gourde in RENO LIONS zone. 3:51 of 1st period - Anders Lee is hit by Chandler Stephenson and loses puck. 4:49 of 1st period - Icing by Jonathan Toews. 4:50 of 1st period - Elias Pettersson wins face-off versus Jonathan Toews in PORTLAND PIRATES zone. 5:05 of 1st period - Shot by Elias Pettersson. 5:05 of 1st period - Deflect By Evgeny Dadonov. 5:05 of 1st period - Shot Misses the Net. 5:07 of 1st period - Shot by Elias Pettersson. 5:07 of 1st period - Deflect By Evgeny Dadonov. 5:07 of 1st period - Stopped by Chris Driedger without a rebound. 5:08 of 1st period - Tomas Nosek wins face-off versus Pavel Zacha in PORTLAND PIRATES zone. 5:17 of 1st period - Shot by Maxime Comtois. 5:17 of 1st period - Shot Blocked by Travis Hamonic. 5:19 of 1st period - Shot by Jacob Trouba. 5:19 of 1st period - Shot Misses the Net. 5:36 of 1st period - Icing by Travis Hamonic. 5:37 of 1st period - Pavel Zacha wins face-off versus Elias Pettersson in PORTLAND PIRATES zone. 5:52 of 1st period - Shot by Rickard Rakell. 5:52 of 1st period - Shot Misses the Net. 5:54 of 1st period - Shot by Travis Hamonic. 5:54 of 1st period - Stopped by Jaroslav Halak with a rebound. 6:04 of 1st period - Shot by Pavel Zacha. 6:04 of 1st period - Stopped by Jaroslav Halak with a rebound. 6:14 of 1st period - Shot by Gabriel Landeskog. 6:14 of 1st period - Shot Blocked by Jordie Benn. 6:16 of 1st period - Shot by Jonathan Toews. 6:16 of 1st period - Shot Blocked by Elias Pettersson. 6:43 of 1st period - Icing by Rasmus Ristolainen. 6:44 of 1st period - William Karlsson wins face-off versus Jonathan Toews in PORTLAND PIRATES zone. 6:59 of 1st period - Shot by Travis Konecny. 6:59 of 1st period - Deflect By Jonathan Toews. 6:59 of 1st period - Shot Blocked by Jacob Trouba. 7:01 of 1st period - Shot by Jonathan Toews. 7:01 of 1st period - Goal by Jonathan Toews - PORTLAND PIRATES : 1 - RENO LIONS : 0. 7:02 of 1st period - Yanni Gourde wins face-off versus Leo Komarov in neutral zone. 7:02 of 1st period - Brett Connolly is hit by Leo Komarov and loses puck. 7:23 of 1st period - Icing by Yanni Gourde. 7:24 of 1st period - Elias Pettersson wins face-off versus Yanni Gourde in PORTLAND PIRATES zone. 7:37 of 1st period - Shot by Elias Pettersson. 7:37 of 1st period - Stopped by Chris Driedger without a rebound. 7:38 of 1st period - William Karlsson wins face-off versus Pavel Zacha in PORTLAND PIRATES zone. 7:50 of 1st period - Icing by Brett Pesce. 7:51 of 1st period - Pavel Zacha wins face-off versus Elias Pettersson in PORTLAND PIRATES zone. 8:51 of 1st period - Shot by Gabriel Landeskog. 8:51 of 1st period - Stopped by Jaroslav Halak without a rebound. 8:52 of 1st period - William Karlsson wins face-off versus Jason Dickinson in RENO LIONS zone. 9:31 of 1st period - Shot by Cam Atkinson. 9:31 of 1st period - Shot Misses the Net. 9:33 of 1st period - Shot by Anders Lee. 9:33 of 1st period - Deflect By Cam Atkinson. 9:33 of 1st period - Shot Misses the Net. 9:35 of 1st period - Shot by Anders Lee. 9:35 of 1st period - Stopped by Chris Driedger with a rebound. 9:57 of 1st period - Shot by Vincent Hinostroza. 9:57 of 1st period - Shot Misses the Net. 10:41 of 1st period - Shot by Jonathan Toews. 10:41 of 1st period - Shot Blocked by Blake Coleman. 10:43 of 1st period - Shot by Jonathan Toews. 10:43 of 1st period - Stopped by Jaroslav Halak with a rebound. 11:00 of 1st period - Icing by Jordie Benn. 11:01 of 1st period - Yanni Gourde wins face-off versus Leo Komarov in RENO LIONS zone. 12:08 of 1st period - Icing by Elias Pettersson. 12:09 of 1st period - Travis Konecny wins face-off versus Elias Pettersson in RENO LIONS zone. 13:11 of 1st period - Icing by Oscar Klefbom. 13:12 of 1st period - Yanni Gourde wins face-off versus Elias Pettersson in RENO LIONS zone. 13:55 of 1st period - Shot by Anders Lee. 13:55 of 1st period - Stopped by Chris Driedger without a rebound. 13:56 of 1st period - Pavel Zacha wins face-off versus Tomas Nosek in PORTLAND PIRATES zone. 14:07 of 1st period - Shot by Pavel Zacha. 14:07 of 1st period - Stopped by Jaroslav Halak without a rebound. 14:08 of 1st period - William Karlsson wins face-off versus Jonathan Toews in RENO LIONS zone. 14:38 of 1st period - Shot by William Karlsson. 14:38 of 1st period - Shot Misses the Net. 14:40 of 1st period - Shot by Ryan Pulock. 14:40 of 1st period - Shot Misses the Net. 14:42 of 1st period - Shot by Anders Lee. 14:42 of 1st period - Shot Misses the Net. 14:44 of 1st period - Shot by Cam Atkinson. 14:44 of 1st period - Shot Misses the Net. 14:46 of 1st period - Shot by Anders Lee. 14:46 of 1st period - Stopped by Chris Driedger with a rebound. 14:48 of 1st period - Shot by Ryan Pulock. 14:48 of 1st period - Stopped by Chris Driedger with a rebound. 14:50 of 1st period - Shot by Cam Atkinson. 14:50 of 1st period - Stopped by Chris Driedger without a rebound. 14:51 of 1st period - Tomas Nosek wins face-off versus Pavel Zacha in PORTLAND PIRATES zone. 14:51 of 1st period - Jacob Trouba is hit by Rasmus Ristolainen. 15:49 of 1st period - Shot by Evgeny Dadonov. 15:49 of 1st period - Shot Misses the Net. 15:57 of 1st period - Minor Penalty to Rasmus Ristolainen for Tripping. 15:58 of 1st period - William Karlsson wins face-off versus Jason Dickinson in PORTLAND PIRATES zone. 15:59 of 1st period - Shot by Oscar Klefbom. 15:59 of 1st period - Stopped by Chris Driedger without a rebound. 16:00 of 1st period - Elias Pettersson wins face-off versus Jason Dickinson in PORTLAND PIRATES zone. 16:19 of 1st period - Shot by Elias Pettersson. 16:19 of 1st period - Shot Blocked by Alec Martinez. 16:31 of 1st period - Travis Hamonic is hit by Elias Pettersson and loses puck. 17:47 of 1st period - Shot by William Karlsson. 17:47 of 1st period - Shot Blocked by Adam Erne. 18:00 of 1st period - Icing by Blake Coleman. 18:01 of 1st period - Leo Komarov wins face-off versus Yanni Gourde in RENO LIONS zone. 18:46 of 1st period - Icing by Ethan Bear. 18:47 of 1st period - Leo Komarov wins face-off versus Pavel Zacha in RENO LIONS zone. 19:10 of 1st period - Brian Dumoulin is hit by William Karlsson and loses puck. 19:46 of 1st period - Icing by Brian Dumoulin. 19:47 of 1st period - Robert Thomas wins face-off versus Elias Pettersson in PORTLAND PIRATES zone. 19:47 of 1st period - Robert Thomas is hit by Elias Pettersson. 19:57 of 1st period - Shot by Evgeny Dadonov. 19:57 of 1st period - Shot Misses the Net. 19:59 of 1st period - Shot by Elias Pettersson. 19:59 of 1st period - Stopped by Chris Driedger without a rebound. Goals for this period are 1 for PORTLAND PIRATES vs 0 for RENO LIONS. Shots for this period are 9 for PORTLAND PIRATES vs 10 for RENO LIONS. 2nd period 0:01 of 2nd period - Elias Pettersson wins face-off versus Jonathan Toews in neutral zone. 0:53 of 2nd period - Gabriel Landeskog is hit by Elias Pettersson. 0:57 of 2nd period - Jonathan Toews is hit by Pierre-Luc Dubois. 1:20 of 2nd period - Off-side. 1:21 of 2nd period - Tomas Nosek wins face-off versus Pavel Zacha in neutral zone. 1:56 of 2nd period - Shot by Robert Thomas. 1:56 of 2nd period - Stopped by Jaroslav Halak without a rebound. 1:57 of 2nd period - Yanni Gourde wins face-off versus William Karlsson in RENO LIONS zone. 2:12 of 2nd period - Shot by William Karlsson. 2:12 of 2nd period - Stopped by Chris Driedger without a rebound. 2:13 of 2nd period - Elias Pettersson wins face-off versus Jason Dickinson in PORTLAND PIRATES zone. 2:41 of 2nd period - Shot by Pierre-Luc Dubois. 2:41 of 2nd period - Shot Blocked by Thomas Chabot. 2:45 of 2nd period - Shot by Elias Pettersson. 2:45 of 2nd period - Goal by Elias Pettersson - PORTLAND PIRATES : 1 - RENO LIONS : 1. 2:46 of 2nd period - Jonathan Toews wins face-off versus William Karlsson in neutral zone. 2:55 of 2nd period - Shot by Gabriel Landeskog. 2:55 of 2nd period - Shot Misses the Net. 3:27 of 2nd period - Shot by Anders Lee. 3:27 of 2nd period - Stopped by Chris Driedger with a rebound. 3:46 of 2nd period - Icing by Oliver Ekman-Larsson. 3:47 of 2nd period - Yanni Gourde wins face-off versus William Karlsson in RENO LIONS zone. 3:50 of 2nd period - Shot by Chandler Stephenson. 3:50 of 2nd period - Shot Misses the Net. 4:12 of 2nd period - Shot by Rasmus Ristolainen. 4:12 of 2nd period - Stopped by Jaroslav Halak without a rebound. 4:13 of 2nd period - Pavel Zacha wins face-off versus Evgeny Dadonov in RENO LIONS zone. 4:48 of 2nd period - Shot by Elias Pettersson. 4:48 of 2nd period - Shot Misses the Net. 5: